AoeStats
← Salamander

Arena

509571812Analyzed
4v4 RM · 4d ago on Sep 27, 2026· 60m 12s· 8 players
Game mode
Random Map
Map size
Large (8 player)
Population
200
Speed
Normal
Resources
Standard
Victory
Conquest
Starting age
Dark Age
Ending age
Imperial Age
RankedLock teamsTeams togetherTeam positionsShared explorationLock speedFull tech treeHidden civsTurbo modeCheats
Victory
Defeat
🇬🇧 Georgians · United Kingdom
1196
+16
🇮🇳 Spanish · India
1172
+17
🇦🇷 Malay · Argentina
1144
+18
🇨🇳 Ethiopians · China
1123
+19
🇨🇳 Slavs · China
1234
-18
🇹🇼 Persians · Taiwan
1230
-18
🇺🇸 Bohemians · United States
1167
-17
🇮🇳 Saxons · India
1166
-17
MAND_Dã quỳ
11:37 Feudal Age
16:09 Castle Age
13:55 Horse Collar
14:48 Double-Bit Axe
16:05 Stone Mining
16:06 Gold Mining
28:10 Imperial Age
25:26 Loom
28:11 Bow Saw
29:52 Chemistry
28:56 Padded Archer Armor
28:47 Fletching
29:07 Forging
29:02 Pikeman
31:47 Scale Mail Armor
31:12 Elite Skirmisher
32:17 Masonry
33:44 Murder Holes
34:20 Architecture
33:19 Halberdier
38:02 Chain Mail Armor
38:04 Leather Archer Armor
38:21 Heavy Plow
42:08 Light Cavalry
42:59 Bloodlines
4Tapping
11:12 Feudal Age
12:42 Loom
15:55 Castle Age
14:17 Double-Bit Axe
14:14 Horse Collar
19:28 Bow Saw
21:34 Heavy Plow
22:34 Wheelbarrow
21:55 Town Watch
23:06 Gold Mining
23:08 Stone Mining
23:49 Hand Cart
25:14 Stone Shaft Mining
27:35 Town Patrol
31:11 Imperial Age
30:38 Forging
30:28 Scale Mail Armor
30:33 Scale Barding Armor
31:13 Murder Holes
30:57 Pikeman
31:38 Squires
31:23 Arson
32:30 Iron Casting
33:00 Chemistry
32:21 Ballistics
32:30 Chain Mail Armor
31:49 Halberdier
32:42 Svan Towers
32:58 Conscription
33:01 Guard Tower
33:06 Arrowslits
33:13 Fletching
36:02 Plate Mail Armor
36:32 Blast Furnace
35:28 Bodkin Arrow
35:31 Capped Ram
36:57 Chain Barding Armor
36:29 Siege Ram
37:12 Man-at-Arms
37:38 Gambesons
37:45 Long Swordsman
38:19 Two-Handed Swordsman
39:03 Bracer
39:07 Champion
40:09 Elite Monaspa
41:54 Aznauri Cavalry
42:47 Hoardings
43:11 Plate Barding Armor
43:15 Caravan
43:46 Coinage
43:37 Guilds
44:41 Keep
53:45 Padded Archer Armor
53:08 Elite Skirmisher
54:48 Leather Archer Armor
zanzan114514
10:30 Feudal Age
14:04 Castle Age
12:15 Double-Bit Axe
12:12 Horse Collar
20:03 Wheelbarrow
19:54 Bow Saw
21:39 Hand Cart
24:35 Heavy Plow
26:29 Gold Mining
26:55 Stone Mining
30:21 Imperial Age
29:00 Gold Shaft Mining
29:01 Stone Shaft Mining
28:40 Fletching
28:50 Padded Archer Armor
29:45 Bodkin Arrow
31:04 Ballistics
31:02 Leather Archer Armor
30:47 Loom
30:50 Crossbowman
31:35 Thumb Ring
31:52 Town Watch
31:30 Arbalester
32:32 Guilds
32:54 Coinage
33:36 Two-Man Saw
34:16 Bracer
34:47 Ring Archer Armor
35:20 Chemistry
35:41 Banking
35:41 Conscription
53:53 Caravan
condandonglao
7:19 Loom
9:26 Feudal Age
17:01 Castle Age
15:10 Horse Collar
15:21 Double-Bit Axe
24:23 Wheelbarrow
28:09 Hand Cart
35:24 Imperial Age
34:45 Fletching
38:51 Forging
40:25 Iron Casting
39:19 Pikeman
39:59 Squires
41:06 Bow Saw
40:57 Heavy Plow
42:34 Halberdier
44:56 Bodkin Arrow
46:01 Blast Furnace
47:02 Man-at-Arms
47:28 Arson
47:45 Bracer
47:45 Padded Archer Armor
48:38 Town Watch
51:04 Town Patrol
50:42 Long Swordsman
51:36 Two-Handed Swordsman
xoxodniw
11:57 Feudal Age
15:27 Castle Age
13:37 Double-Bit Axe
13:44 Horse Collar
14:25 Gold Mining
15:57 Wheelbarrow
16:18 Bow Saw
19:45 Heavy Plow
21:01 Stone Mining
21:45 Loom
22:46 Gold Shaft Mining
31:04 Imperial Age
29:10 Scale Barding Armor
29:16 Forging
30:48 Elite War Elephant
32:22 Chain Barding Armor
32:39 Guilds
31:59 Capped Ram
33:15 Bloodlines
33:55 Iron Casting
36:33 Plate Barding Armor
36:58 Blast Furnace
36:02 Husbandry
36:26 Onager
38:16 Stone Shaft Mining
38:59 Fletching
39:38 Bodkin Arrow
40:28 Hand Cart
40:12 Siege Ram
42:43 Padded Archer Armor
44:03 Chemistry
44:23 Two-Man Saw
43:52 Leather Archer Armor
51:26 Town Watch
53:49 Caravan
How you doin'
10:33 Feudal Age
11:19 Double-Bit Axe
14:14 Castle Age
14:44 Horse Collar
15:15 Bow Saw
15:56 Heavy Plow
20:15 Wheelbarrow
21:32 Hand Cart
22:41 Gold Mining
22:41 Stone Mining
23:47 Loom
24:54 Gold Shaft Mining
25:47 Town Watch
29:28 Imperial Age
27:55 Scale Mail Armor
28:06 Forging
27:44 Pikeman
28:24 Squires
29:18 Chain Mail Armor
29:55 Capped Ram
31:29 Plate Mail Armor
31:34 Iron Casting
32:15 Halberdier
33:00 Druzhina
33:21 Conscription
32:32 Siege Ram
34:57 Blast Furnace
37:33 Two-Man Saw
37:03 Crop Rotation
36:38 Siege Ram
37:33 Man-at-Arms
38:05 Fletching
38:36 Siege Engineers
37:53 Man-at-Arms
38:04 Man-at-Arms
40:33 Masonry
40:37 Fortified Wall
41:20 Husbandry
41:31 Bloodlines
40:41 Light Cavalry
41:28 Scale Barding Armor
40:49 Long Swordsman
42:52 Chain Barding Armor
42:05 Two-Handed Swordsman
42:56 Champion
47:27 Hoardings
46:53 Detinets
46:32 Hussar
47:49 Plate Barding Armor
47:23 Onager
StanTheMan
13:09 Feudal Age
17:38 Castle Age
15:28 Double-Bit Axe
15:25 Horse Collar
19:41 Bow Saw
19:35 Heavy Plow
25:04 Loom
33:05 Wheelbarrow
35:33 Pikeman
36:18 Scale Mail Armor
36:29 Forging
36:20 Fletching
37:49 Hand Cart
40:31 Chain Mail Armor
43:08 Iron Casting
48:54 Imperial Age
49:51 Onager
55:07 Plate Mail Armor
55:37 Blast Furnace
56:24 Padded Archer Armor
58:00 Halberdier
61:18 Chemistry
Salamander
11:06 Feudal Age
14:55 Castle Age
13:03 Double-Bit Axe
13:24 Horse Collar
16:06 Bow Saw
15:49 Loom
15:55 Town Watch
16:25 Heavy Plow
20:35 Gold Mining
26:36 Gold Shaft Mining
26:35 Stone Mining
28:06 Sanctity
29:25 Wheelbarrow
31:33 Imperial Age
30:12 Wheelbarrow
29:39 Scale Mail Armor
30:12 Fortified Wall
30:47 Chain Mail Armor
29:55 Pikeman
30:53 Fletching
31:15 Forging
31:07 Squires
30:52 Arson
30:55 Gambesons
30:58 Man-at-Arms
31:33 Treadmill Crane
32:46 Plate Mail Armor
32:40 Conscription
31:42 Shield Wall
33:41 Two-Man Saw
33:15 Hand Cart
33:41 Block Printing
33:38 Redemption
34:05 Iron Casting
32:53 Long Swordsman
33:47 Bodkin Arrow
34:53 Crop Rotation
35:17 Illumination
35:29 Theocracy
34:34 Elite Varangian Guard
34:54 Clerical Recruitment
36:10 Hoardings
37:39 Coinage
37:21 Guilds
37:12 Caravan
37:36 Padded Archer Armor
37:38 Bracer
37:31 Capped Ram
38:49 Leather Archer Armor
38:42 Siege Engineers
38:20 Cranequins
39:06 Thumb Ring
39:18 Devotion
39:13 Heavy Mounted Crossbowman
42:42 Ring Archer Armor
42:18 Scale Barding Armor
43:32 Coinage
42:57 Elite Skirmisher
44:15 Banking
43:32 Crossbowman
45:05 Arbalester
45:11 Siege Ram
47:49 Ballistics
48:29 Chemistry
47:40 Masonry
47:25 Murder Holes
50:15 Arrowslits
51:57 Chain Barding Armor
51:48 Bloodlines
51:39 Husbandry
52:32 Two-Handed Swordsman
54:09 Champion
57:14 Architecture
56:37 Guard Tower
Connection lost

Rejoining the realm…

Still unreachable

The connection could not be restored.

Session expired

The server has moved on; the page needs a fresh start.